 Dungeon Crawl Stone Soup version 0.17-a0-1141-g3e25b61 (webtiles) character file.

40 Hanyuu the Insei (level 3, 22/23 HPs)
             Began as an Octopode Transmuter on May 26, 2015.
             Quit the game on level 3 of the Dungeon.
             The game lasted 00:03:48 (1037 turns).

Hanyuu the Insei (Octopode Transmuter)              Turns: 1037, Time: 00:03:48

Health: 22/23      AC:  3    Str:  9    XL:     3   Next: 50%
Magic:  6/6        EV: 12    Int: 16    God:
Gold:   86         SH:  0    Dex:  8    Spells: 3 memorised, 0 levels left

rFire  . . .     SeeInvis .       - Unarmed
rCold  . . .     Rnd*Rage +     (no shield)
rNeg   . . .     SustAt   .     (helmet restricted)
rPois  .         Gourm    .     (no amulet)
rElec  .         Spirit   .     m - ring of teleport control
rCorr  .         Warding  .     (no ring)
rMut   .         Stasis   .     (no ring)
MR     .....                    (no ring)
Stlth  ++........               (no ring)
                                (no ring)
                                (no ring)
                                (no ring)

@: not resistant to hostile enchantments, unstealthy
A: almost no armour, amphibious, 8 rings, constrict 8, thin metallic scales 1,
camouflage 1, berserk 1, clumsy 2, gelatinous body 1, subdued magic 1,
MP-powered wands
a: Evoke Teleport Control


You were on level 3 of the Dungeon.
You were not hungry.

You visited 1 branch of the dungeon, and saw 3 of its levels.

You collected 86 gold pieces.

Inventory:

Missiles
 a - 58 arrows
Jewellery
 m - a ring of teleport control (left tentacle)
Magical devices
 s - a wand of fire (5)
Scrolls
 d - a scroll of teleportation {unknown}
 f - a scroll of enchant armour {unknown}
 g - a scroll of recharging {unknown}
 h - a scroll of immolation {unknown}
 i - 2 scrolls of remove curse
 j - a scroll of random uselessness {unknown}
 o - a scroll of fog {unknown}
Potions
 p - 2 potions of curing {unknown}
 q - a potion of poison {unknown}
Books
 b - a book of Changes

   Spells                             Type                      Level
   a - Beastly Appendage              Transmutation                1
   b - Sticks to Snakes               Transmutation                2
   c - Spider Form                    Transmutation/Poison         3
   d - Ice Form                       Ice/Transmutation            4
   e - Blade Hands                    Transmutation                5
Comestibles
 c - a bread ration
 n - a slice of pizza


   Skills:
 - Level 1.0 Fighting
 - Level 2.0 Dodging
 + Level 4.4 Unarmed Combat
 - Level 2.0 Spellcasting
 - Level 2.0 Transmutations


You couldn't memorise any spells.
You knew the following spells:

 Your Spells              Type           Power        Failure   Level  Hunger
a - Beastly Appendage     Trmt           #.....       4%          1    #......
b - Sticks to Snakes      Trmt           #.........   7%          2    ###....
c - Spider Form           Trmt/Pois      #.........   24%         3    ###....


Dungeon Overview and Level Annotations

Branches:
Dungeon (3/15)

Altars:


Innate Abilities, Weirdness & Mutations

You cannot wear most types of armour.
You are amphibious.
You can wear up to eight rings at the same time.
You can use your tentacles to constrict eight enemies at once.
Your skin changes colour to match your surroundings (Stealth).
Your rubbery body absorbs attacks (AC +1).
You are partially covered in thin metallic scales (AC +2).
You tend to lose your temper in combat.
You are very clumsy. (Dex -4)
Your spells are a little easier to cast, but a little less powerful.
You expend magic power (3 MP) to strengthen your wands.


Message History

As you read the scroll labeled EDIENK EPNA, it crumbles to dust.
It is a scroll of identify.
Identify which item? (\ to view known items) (? for menu, Esc to quit)
r - 2 potions of mutation Read which item? (? for menu, Esc to quit)
Identify which item? (\ to view known items) (? for menu, Esc to quit)
As you read the scroll of identify, it crumbles to dust.
l - 2 potions of degeneration Drop what? 17/52 slots (_ for help) (? for menu, Esc to quit)
You drop 2 potions of degeneration.
Drink which item? (? for menu, Esc to quit)
You feel extremely strange.
You feel your magical essence link to your wands.
Your connection to magic feels subdued.
You feel a little pissed off.
Drink which item? (? for menu, Esc to quit)
You feel extremely strange.
You feel clumsy.
Thin metallic scales grow over part of your body.
You feel clumsy.
Are you sure you want to abandon this character and quit the game? (Confirm with "yes".)

#.# #.# #.# #.#
#.# #.# #$#
#########.#
#.####.........#
#.........######
#.....#.#.########
#.###...#.........
#@# ##############
#.# #†# ..# ####


There were no monsters in sight!

Vanquished Creatures
  An ooze (D:2)
  6 bats
  3 giant cockroaches (D:1)
  A goblin (D:1)
  7 hobgoblins
  4 jackals (D:2)
  5 kobolds
  5 rats
32 creatures vanquished.

Notes
Turn   | Place    | Note
--------------------------------------------------------------
     0 | D:1      | Hanyuu the Octopode Transmuter began the quest for the Orb.
     0 | D:1      | Reached XP level 1. HP: 13/13 MP: 3/3
   225 | D:1      | Reached XP level 2. HP: 18/18 MP: 5/5
   261 | D:1      | Learned a level 2 spell: Sticks to Snakes
   622 | D:2      | Reached skill level 4 in Unarmed Combat
   686 | D:2      | Reached XP level 3. HP: 23/23 MP: 4/6
   980 | D:3      | Learned a level 3 spell: Spider Form
  1035 | D:3      | Gained mutation: You expend magic power (3 MP) to strengthen your wands. [potion of mutation]
  1035 | D:3      | Gained mutation: Your spells are a little easier to cast, but a little less powerful. [potion of mutation]
  1035 | D:3      | Gained mutation: You tend to lose your temper in combat. [potion of mutation]
  1036 | D:3      | Gained mutation: You are clumsy. (Dex -2) [potion of mutation]
  1036 | D:3      | Gained mutation: You are partially covered in thin metallic scales (AC +2). [potion of mutation]
  1036 | D:3      | Gained mutation: You are very clumsy. (Dex -4) [potion of mutation]
  1037 | D:3      | Quit the game

Vault maps used:
D:1:      co_arrival_random_square_maze
D:3:      nicolae_overflow_hidden_temple, first_bread, wad_rectangle_vault,
          uniq_sigmund, uniq_jessica

Action                   || total
-------------------------++-------
Melee: Unarmed           ||    63
 Cast: Beastly Appendage ||     2
  Use: Scroll            ||     3
       Potion            ||     2
 Stab: Sleeping          ||     3
